 Dungeon Crawl Stone Soup version 0.16-a0-2839-gd16e107 (webtiles) character file.

12784 Johnny the Reanimator (level 11, -2/85 HPs)
             Began as a Demigod Necromancer on Nov 29, 2014.
             Slain by a five-headed hydra (4 damage)
             ... on level 1 of the Lair of Beasts.
             The game lasted 00:43:16 (13047 turns).

Johnny the Reanimator (Demigod Necromancer)        Turns: 13047, Time: 00:43:16

Health: -2/85      AC:  6    Str: 11    XL:     11   Next: 40%
Magic:  3/28       EV: 22    Int: 25    God:
Gold:   1717       SH:  0    Dex: 21    Spells: 5 memorised, 9 levels left

rFire  . . .     SeeInvis .     K - +3 war axe (drain)
rCold  . . .     Clarity  .     x - +2 robe {MR+}
rNeg   . . .     SustAb   +     (no shield)
rPois  .         Gourm    .     (no helmet)
rElec  .         Spirit   .     (no cloak)
rCorr  .         Warding  .     G - +0 pair of gloves
rMut   .         Stasis   .     H - +0 pair of boots
MR     ++...                    j - amulet of regeneration
Stlth  ++........               q - +5 ring of dexterity
                                y - +3 ring of evasion

@: very resistant to hostile enchantments, unstealthy
A: sustain abilities
a: no special abilities


You were on level 1 of the Lair of Beasts.
You were not hungry.

You visited 3 branches of the dungeon, and saw 14 of its levels.
You also visited: Volcano.

You collected 1717 gold pieces.

Inventory:

Hand weapons
 o - a +2 hand axe of freezing
 K - a +3 war axe of draining (weapon)
Armour
 x - a +2 robe of magic resistance (worn)
 G - a +0 pair of gloves (worn)
 H - a +0 pair of boots (worn)
 S - a +3 leather armour of fire resistance
Jewellery
 j - an amulet of regeneration (around neck)
 q - a +5 ring of dexterity (right hand)
 t - an uncursed ring of flight
 y - a +3 ring of evasion (left hand)
 F - an uncursed ring of magical power
Magical devices
 z - a wand of lightning (0)
 B - a wand of draining (0)
 J - a wand of frost (22)
Scrolls
 a - a scroll of identify
 d - 3 scrolls of fog
 e - 2 scrolls of noise
 f - 3 scrolls of teleportation
 i - a scroll of fear
 k - 2 scrolls of remove curse
 l - a scroll of enchant armour
 r - 2 scrolls of random uselessness
 s - a scroll of amnesia
 w - a scroll of summoning {unknown}
 U - a scroll of enchant weapon
Potions
 g - 2 potions of cancellation
 h - a potion of heal wounds
 m - a potion of invisibility
 n - 4 potions of brilliance
 p - a potion of mutation {unknown}
 u - 2 potions of curing
 C - a potion of restore abilities
 T - a potion of agility
 V - a potion of berserk rage {unknown}
Books
 b - a book of Necromancy

   Spells                             Type                      Level
   a - Pain                           Necromancy                   1
   b - Animate Skeleton               Necromancy                   1
   c - Vampiric Draining              Necromancy                   3
   d - Regeneration                   Charms/Necromancy            3
   e - Animate Dead                   Necromancy                   4
   f - Control Undead                 Necromancy                   4
Miscellaneous
 v - a disc of storms
Comestibles
 c - 7 bread rations
 A - 7 fruits
 D - a meat ration


   Skills:
 + Level 4.8 Fighting
 * Level 5.1(5.2) Axes
   Level 1.0(3.3) Maces & Flails
 * Level 7.7 Dodging
 - Level 1.7 Stealth
 * Level 7.0 Spellcasting
 * Level 5.6 Charms
 * Level 8.9 Necromancy
 * Level 6.3 Evocations


You had 9 spell levels left.
You knew the following spells:

 Your Spells              Type           Power        Failure   Level  Hunger
a - Pain                  Necr           ####         1%          1    None
b - Control Undead        Necr           ######....   1%          4    ###....
c - Vampiric Draining     Necr           ######....   1%          3    None
d - Regeneration          Chrm/Necr      #####.....   1%          3    None
e - Animate Dead          Necr           N/A          1%          4    ###....


Dungeon Overview and Level Annotations

Branches:
Dungeon (10/15)            Temple (0/1) D:7            Lair (1/8) D:10
    Orc (4/4) D:9             Elf (0/3) Orc:4

Annotations:
D:6 Grinder


Innate Abilities, Weirdness & Mutations

Your attributes are resistant to harm.


Message History

Aim: a five-headed hydra (severely wounded)
The five-headed hydra is almost dead.
You feel life coursing into your body. The five-headed hydra bites you!
The five-headed hydra bites you!
The five-headed hydra barely misses you.
The five-headed hydra bites you!
* * * LOW HITPOINT WARNING * * *
The five-headed hydra bites you!
* * * LOW HITPOINT WARNING * * *
Casting: Vampiric Draining
Confirm with . or Enter, or press ? or * to list all spells.
Aiming: Vampiric Draining
Press: ? - help, Shift-Dir - straight line, f/p - five-headed hydra
Aim: a five-headed hydra (almost dead)
The five-headed hydra is almost dead.
You feel life coursing into your body. The five-headed hydra bites you!
* * * LOW HITPOINT WARNING * * *
The five-headed hydra completely misses you. x2
The five-headed hydra bites you.
You die...

**,,,*##..,,**
*,,,,,....###*
**,,,,,.....#P*
*,*,.,........#
*###,..#,,*,,*#.<
##..#...#,,.*.*##.
#.......#...#.####
#...$...#...#..# #
#@#*,,,,,..#..P###
##D##,,,*,*........
#.l.##*****#...###.
#...P### #...##..
#......# #...##..
#.....## ###....#..
#P....####.....##..
###..###.##...##....
#....##.............


You could see a five-headed hydra and an iguana.

Vanquished Creatures
  A mottled draconian (Volcano)
  Urug (Orc:4)
  A hill giant (D:10)
  Pikel (D:5)
  2 orc sorcerers
  Joseph (Orc:1)
  A spiny frog (Lair:1)
  2 two-headed ogres (Volcano)
  2 trolls (D:9)
  A wyvern (D:10)
  A deep elf mage (D:10)
  A hungry ghost (D:8)
  3 water moccasins
  A warg (Orc:1)
  18 orc warriors
  4 phantoms
  9 ogres
  A centaur (Volcano)
  3 giant frogs
  Blork the orc (Orc:1)
  3 scorpions
  3 wights (D:8)
  4 crimson imps
  A goliath beetle (D:6)
  A centaur zombie (D:6)
  5 hounds
  4 jellies
  A quasit (D:10)
  A centaur skeleton (D:9)
  16 orc priests
  A giant frog skeleton (D:8)
  2 gnoll shamans
  2 iguanas
  A worker ant (D:8)
  24 orc wizards
  A hound zombie (D:5)
  Terence (D:2)
  A worker ant zombie (D:8)
  3 river rats (Lair:1)
  10 gnolls
  7 adders
  2 shadow imps
  An adder skeleton (D:6)
  3 giant geckos
  An ooze (D:2)
  144 orcs
  2 ball pythons
  10 bats
  6 giant cockroaches
  21 goblins
  18 hobgoblins
  4 jackals
  5 quokkas
  A giant gecko zombie (D:6)
  3 giant newts
  5 kobolds
  A quokka skeleton (D:8)
  12 rats
  9 ballistomycetes (D:9)
395 creatures vanquished.

Vanquished Creatures (collateral kills)
  Erica (Orc:4)
  A hill giant (D:10)
  A two-headed ogre (Orc:1)
  A deep elf mage (D:9)
  A hippogriff (D:9)
  A water moccasin (D:10)
  An orc warrior (Orc:2)
  An ice beast (D:9)
  2 phantoms (D:8)
  A scorpion (D:9)
  4 wights (D:10)
  8 orc priests
  A jelly (D:10)
  6 orc wizards
  2 river rats (Lair:1)
  An adder (Lair:1)
  An adder skeleton (D:10)
  41 orcs
  A hobgoblin (Orc:2)
  3 goblins
  3 ballistomycetes (D:9)
82 creatures vanquished.

Vanquished Creatures (others)
  A mottled draconian zombie (Volcano)
  A centaur (Volcano)
  2 water moccasin zombies
  A troll zombie (D:9)
  2 two-headed ogre zombies (Volcano)
  2 human zombies
  An elf zombie (D:10)
  2 orc wizards (Orc:4)
  3 ogre zombies
  A hound zombie (Lair:1)
  A scorpion zombie (D:8)
  An iguana zombie (D:9)
  93 orc zombies
  An orc (Orc:4)
  5 gnoll zombies (D:8)
  A bat (D:5)
  A giant spore (D:9)
  3 goblin zombies
  A hobgoblin zombie (D:9)
  An orc skeleton (Orc:3)
  4 river rat zombies (Lair:1)
128 creatures vanquished.

Grand Total: 605 creatures vanquished

Notes
Turn   | Place    | Note
--------------------------------------------------------------
     0 | D:1      | Johnny, the Demigod Necromancer, began the quest for the Orb.
     0 | D:1      | Reached XP level 1. HP: 14/14 MP: 3/3
   502 | D:1      | Reached XP level 2. HP: 18/20 MP: 1/4
   797 | D:1      | Found a sparkling altar of Nemelex Xobeh.
   983 | D:1      | Reached skill level 4 in Necromancy
  1400 | D:2      | Reached XP level 3. HP: 15/27 MP: 0/8
  1476 | D:2      | Learned a level 3 spell: Vampiric Draining
  1830 | D:2      | Noticed Terence
  1840 | D:2      | Killed Terence
  2233 | D:3      | Found a snail-covered altar of Cheibriados.
  2234 | D:3      | Found a basalt altar of Yredelemnul.
  2235 | D:3      | Found a shadowy altar of Dithmenos.
  2389 | D:3      | Reached XP level 4. HP: 32/34 MP: 6/11
  2467 | D:3      | Noticed an ogre
  2479 | D:3      | Killed an ogre
  2479 | D:3      | Reached skill level 1 in Fighting
  2556 | D:3      | Reached XP level 5. HP: 35/40 MP: 12/12
  3137 | D:3      | You fall through a shaft for 2 floors!
  3137 | D:5      | Entered Level 5 of the Dungeon
  3275 | D:5      | Reached skill level 5 in Necromancy
  3516 | D:5      | Reached XP level 6. HP: 37/48 MP: 10/17
  3589 | D:5      | Found a shattered altar of Ashenzari.
  3666 | D:5      | Noticed an ogre
  3677 | D:5      | Killed an ogre
  3685 | D:5      | Noticed Pikel
  3685 | D:5      | Noticed a slave
  3685 | D:5      | Noticed a slave
  3685 | D:5      | Noticed a slave
  3685 | D:5      | Noticed a slave
  3763 | D:5      | Killed Pikel
  3763 | D:5      | Reached XP level 7. HP: 30/56 MP: 0/20
  3909 | D:5      | Noticed an ogre
  3916 | D:5      | Killed an ogre
  3916 | D:5      | Reached skill level 6 in Necromancy
  4747 | D:6      | Reached XP level 8. HP: 55/63 MP: 21/21
  4942 | D:6      | Learned a level 4 spell: Control Undead
  4946 | D:6      | Learned a level 3 spell: Regeneration
  5015 | D:6      | Noticed Grinder
  5387 | D:7      | Reached skill level 5 in Dodging
  5548 | D:7      | Reached skill level 1 in Evocations
  5643 | D:7      | Reached skill level 1 in Maces & Flails
  5643 | D:7      | Reached skill level 1 in Charms
  5842 | D:7      | Found a staircase to the Ecumenical Temple.
  5924 | D:8      | Found a glowing golden altar of the Shining One.
  5925 | D:8      | Found a glowing silver altar of Zin.
  5925 | D:8      | Found a white marble altar of Elyvilon.
  6095 | D:8      | Learned a level 4 spell: Animate Dead
  6096 | D:8      | Found a stormy altar of Qazlal.
  6201 | D:8      | Reached skill level 5 in Spellcasting
  6282 | D:8      | Reached skill level 1 in Axes
  6828 | D:8      | Reached XP level 9. HP: 70/70 MP: 22/24
  7349 | D:8      | Reached skill level 7 in Necromancy
  7678 | D:9      | Found a staircase to the Orcish Mines.
  7851 | D:9      | Found an iron altar of Okawaru.
  8417 | Orc:1    | Entered Level 1 of the Orcish Mines
  8417 | Orc:1    | Noticed Blork the orc
  8444 | Orc:1    | Noticed Joseph
  8449 | Orc:1    | Killed Blork the orc
  8456 | Orc:1    | Killed Joseph
  8530 | Orc:1    | Found a roughly hewn altar of Beogh.
  8576 | Orc:1    | Your ally Joseph died
  8770 | Orc:1    | Reached XP level 10. HP: 42/78 MP: 19/26
  9773 | Orc:3    | Found a roughly hewn altar of Beogh.
 10024 | Orc:3    | Noticed an orc sorcerer
 10066 | Orc:3    | Killed an orc sorcerer
 10066 | Orc:3    | Reached skill level 8 in Necromancy
 10254 | Orc:4    | Entered Level 4 of the Orcish Mines
 10279 | Orc:4    | Noticed an orc warlord
 10282 | Orc:4    | Noticed an orc sorcerer
 10286 | Orc:4    | Noticed a soul eater
 10469 | Orc:4    | Noticed Erica
 10483 | Orc:4    | Killed Erica
 10483 | Orc:4    | Reached skill level 5 in Evocations
 10580 | Orc:4    | Your ally Erica died
 10892 | Orc:4    | Paralysed by an orc sorcerer for 3 turns
 10899 | Orc:4    | Killed an orc sorcerer
 11045 | Orc:4    | Found a roughly hewn altar of Beogh.
 11180 | Orc:4    | Noticed Urug
 11203 | Orc:4    | Killed Urug
 11203 | Orc:4    | Reached skill level 5 in Charms
 11336 | Orc:4    | Found a staircase to the Elven Halls.
 11544 | Orc:4    | Noticed an orc knight
 11687 | D:10     | Entered Level 10 of the Dungeon
 11776 | D:10     | Reached XP level 11. HP: 64/85 MP: 10/28
 11883 | D:10     | Noticed a hill giant
 11912 | D:10     | Killed a hill giant
 12157 | D:10     | Noticed a hill giant
 12193 | D:10     | Killed a hill giant
 12466 | D:10     | Found a staircase to the Lair.
 12503 | Lair:1   | Entered Level 1 of the Lair of Beasts
 12564 | Lair:1   | Found a dark tunnel.
 12569 | Volcano  | Entered a volcano
 12623 | Volcano  | Noticed a mottled draconian
 12664 | Volcano  | Killed a mottled draconian
 12667 | Volcano  | Reached skill level 5 in Axes
 13018 | Lair:1   | Noticed a five-headed hydra
 13047 | Lair:1   | HP: 2/85 [five-headed hydra (8)]
 13047 | Lair:1   | Slain by a five-headed hydra

Action                   |  1- 3 |  4- 6 |  7- 9 | 10-12 || total
-------------------------+-------+-------+-------+-------++-------
Melee: Unarmed           |    15 |       |     3 |       ||    18
       Hand axe          |    30 |   128 |    45 |       ||   203
       Whip              |       |       |   137 |       ||   137
       Long sword        |       |       |     9 |       ||     9
       War axe           |       |       |   385 |   403 ||   788
       Flail             |       |       |    57 |       ||    57
       Falchion          |       |       |    16 |       ||    16
 Cast: Pain              |    84 |     8 |     7 |     6 ||   105
       Vampiric Draining |     1 |    19 |    43 |    99 ||   162
       Animate Dead      |       |       |    23 |    51 ||    74
Evoke: Wand              |       |       |     5 |     1 ||     6
  Use: Scroll            |       |    11 |     6 |    11 ||    28
       Potion            |       |       |       |     6 ||     6
 Stab: Sleeping          |       |     3 |     2 |     3 ||     8
       Distracted        |       |       |     5 |     6 ||    11
       Invisible         |       |       |       |     6 ||     6
  Eat: Chunk             |     5 |     7 |    16 |    12 ||    40
       Meat ration       |       |       |     2 |     1 ||     3
       Beef jerky        |       |       |     2 |       ||     2
       Royal jelly       |       |       |       |     1 ||     1
       Bread ration      |       |       |       |     2 ||     2
